 Dungeon Crawl Stone Soup version 0.31-a0-963-ga325b2283a (webtiles) character file.

Game seed: 5316330195509659058

1 aldskfj the Chopper (level 1, 0/18 HPs)
             Began as a Hill Orc Reaver on Oct 24, 2023.
             Slain by a quokka (3 damage)
             ... on level 1 of the Dungeon.
             The game lasted 00:00:12 (44 turns).

aldskfj the Chopper (Hill Orc Reaver)                 Turns: 44, Time: 00:00:13

Health: 0/18       AC:  3    Str: 14    XL:     1   Next: 20%
Magic:  3/3        EV: 11    Int: 13    God:
Gold:   0          SH:  0    Dex:  9    Spells: 2/3 levels left

rFire   . . .        a - +0 hand axe
rCold   . . .        (no shield)
rNeg    . . .        b - +0 leather armour
rPois   .            (no helmet)
rElec   .            (no cloak)
rCorr   .            (no gloves)
SInv    .            (no boots)
Will    .....        (no amulet)
Stlth   +            (no ring)
HPRegen 0.23/turn    (no ring)
MPRegen 0.08/turn

%: no passive effects
@: no status effects
A: no striking features
a: no special abilities


You were on level 1 of the Dungeon.
You visited 1 branch of the dungeon, and saw 1 of its levels.

Inventory:

Hand Weapons
 a - a +0 hand axe (weapon)
Armour
 b - a +0 leather armour (worn)
Potions
 c - a potion of degeneration {unknown}


   Skills:
 + Level 2.4 Fighting
 + Level 4.0 Axes
 + Level 1.5 Dodging
 + Level 1.5 Spellcasting
 + Level 3.0 Conjurations


You had 2 spell levels left.
You knew the following spells:

 Your Spells              Type           Power      Damage    Failure   Level
a - Kiss of Death         Conj/Necr      16%        2d6       19%         1

Your spell library contained the following spells:

 Spells                   Type           Power      Damage    Failure   Level
 Momentum Strike          Conj/Tloc      8%         3d8       28%         2
 Hailstorm                Conj/Ice       4%         3d4       50%         3


Dungeon Overview and Level Annotations

Branches:
Dungeon (1/15)

Altars:


Message History

Welcome, aldskfj the Hill Orc Reaver.
Are you destined to find the glorious Orb of Zot, or to die trying?
Press ? for a list of commands and other information.
Found a ruby potion.
Found a staircase leading out of the dungeon.
Found a dagger.
You enter the shallow water.
Moving in this stuff is going to be slow.
c - a ruby potion You see here a +0 dagger.
An endoplasm comes into view.
The endoplasm quivers.
A quokka comes into view.
Found a book of the Hunter.
You barely miss the endoplasm. The endoplasm freezes you.
You are frozen.
You barely miss the endoplasm. The quokka bites you. The endoplasm hits you.
You hit the endoplasm but do no damage. You barely miss the quokka.
The quokka bites you. The endoplasm hits you.
You hit the endoplasm but do no damage. You hit the quokka but do no damage.
The quokka bites you. The endoplasm barely misses you.
You hit the endoplasm. Your punch misses the endoplasm.
The endoplasm is lightly wounded.
You closely miss the quokka. The quokka bites you.
* * * LOW HITPOINT WARNING * * *
The endoplasm hits you but does no damage.
The quokka barely misses you.
You hit the endoplasm.
The endoplasm is heavily wounded.
You miss the quokka. The endoplasm misses you. The quokka barely misses you.
You hit the endoplasm.
The endoplasm is almost dead.
You hit the quokka. The quokka barely misses you. The endoplasm hits you.
* * * LOW HITPOINT WARNING * * *
You hit the endoplasm.
You kill the endoplasm!
You closely miss the quokka. The quokka closely misses you. x2
Found a leather armour.
The quokka bites you.
You die...

###...# ###.#
#.# #.##
#..#####.#
##.......#
##..#####
#####.##
#...r@#
#............
#:....##[....
#.....## ....
#..... #.#
#..... #
#..... #.....


You could see a quokka.

Vanquished Creatures
  An endoplasm (D:1)
1 creature vanquished.

Notes
Turn   | Place    | Note
-------+----------+-------------------------------------------
     0 | D:1      | aldskfj the Hill Orc Reaver began the quest for the Orb.
     0 | D:1      | Reached XP level 1. HP: 18/18 MP: 3/3
    44 | D:1      | Slain by a quokka

Illustrated notes

Levels and vault maps discovered:
D:1:      eino_arrival_cavern_b, layout_rooms,
          shapermc_ecumenical_altar_mp_urbaneastern, minmay_worlds_worst_comb

Action                     || total
---------------------------++-------
  Melee: Hand axe          ||     8
 Armour: Leather armour    ||     9
  Dodge: Dodged            ||     7

Table legend: (Time is in decaauts)
 A = Elapsed time spent in this place.
 B = Non-inter-level travel time spent in this place.
 C = Inter-level travel time spent in this place.
 D = Time resting spent in this place.
 E = Time spent auto-exploring this place.
 F = Levels seen in this place.
 G = Mean time per level.
                   A        B        C        D        E       F      G
               +--------+--------+--------+--------+--------+-----+--------+
         Total |     47 |     47 |      0 |      0 |     15 |   1 |   47.0 |
       Dungeon |     47 |     47 |      0 |      0 |     15 |   1 |   47.0 |
               +--------+--------+--------+--------+--------+-----+--------+

Top non-repeatable levels by time:
     D:1: 47 daAuts
